 Dungeon Crawl Stone Soup version 0.29.1-15-g9cfb28693d (webtiles) character file.

Game seed: 7419761938713004904

3931 protoss039 the Digger (level 10, 77/77 HPs)
             Began as a Demonspawn Earth Elementalist on Mar 19, 2023.
             Was a Follower of Vehumet.
             Got out of the dungeon alive.
             The game lasted 00:16:12 (8170 turns).

protoss039 the Digger (DsEE)                        Turns: 8170, Time: 00:16:13

Health: 77/77      AC: 19    Str:  9    XL:     10   Next: 1%
Magic:  20/20      EV: 13    Int: 21    God:    Vehumet [*.....]
Gold:   444        SH:  0    Dex: 19    Spells: 14/22 levels left

rFire   x . .      SeeInvis .   D - +1 dagger (elec)
rCold   x x .      Faith    .   (no shield)
rNeg    . . .      Spirit   .   h - +2 leather armour {rF+}
rPois   +          Reflect  .   (helmet restricted)
rElec   .          Harm     .   (no cloak)
rCorr   .          Rampage  .   (no gloves)
Will    .....                   (no boots)
Stlth   ++........              y - amulet of Elemental Vulnerability {rPois rF-- rC-- AC+8}
HPRegen 0.22/turn               v - +6 ring of dexterity
MPRegen 0.17/turn               M - +4 ring of protection

@: no status effects
A: horns 1, icy blue scales 1, powered by death 2, powered by pain 1
a: Renounce Religion


You escaped.
You worshipped Vehumet.
Vehumet was aware of your devotion.
You visited 2 branches of the dungeon, and saw 9 of its levels.
You also visited: Bailey.

You collected 444 gold pieces.

Inventory:

Hand Weapons
 D - a +1 dagger of electrocution (weapon)
 K - a +1 dagger of draining
Missiles
 e - 28 poisoned darts (quivered)
Armour
 h - a +2 leather armour of fire resistance (worn)
 q - a +0 tower shield
 w - a +1 helmet
 A - an orb of mayhem
Magical Staves
 r - a staff of air
Jewellery
 c - a ring of ice
 g - an amulet of the acrobat
 v - a +6 ring of dexterity (left hand)
 y - the amulet of Elemental Vulnerability (around neck) {rPois rF-- rC-- AC+8}
   (You found it on level 3 of the Dungeon)

   [amulet of nothing]

   AC:        It affects your AC (+8).
   rF:        It makes you very vulnerable to fire.
   rC:        It makes you very vulnerable to cold.
   rPois:     It protects you from poison.
 M - a +4 ring of protection (right hand)
Wands
 k - a wand of iceblast (6)
Scrolls
 a - 2 scrolls of teleportation
 d - a scroll of blinking
 m - 4 scrolls of magic mapping
 n - 3 scrolls of fear
 s - 2 scrolls of amnesia
 u - a scroll of acquirement {unknown}
 F - a scroll of butterflies {unknown}
 H - a scroll of identify
 I - 2 scrolls of immolation
 J - 3 scrolls of summoning
Potions
 b - 3 potions of magic
 f - a potion of flight {unknown}
 i - 5 potions of curing
 j - 2 potions of degeneration {unknown}
 l - 2 potions of mutation {unknown}
 o - a potion of cancellation {unknown}
 p - 6 potions of heal wounds
 t - a potion of ambrosia {unknown}
 x - 4 potions of haste
 z - a potion of invisibility {unknown}
 B - a potion of resistance {unknown}
 C - a potion of experience {unknown}
 E - a potion of berserk rage {unknown}
 G - a potion of attraction {unknown}
 L - a potion of might {unknown}


   Skills:
 + Level 6.9 Fighting
 + Level 4.8 Armour
 - Level 3.0 Dodging
 - Level 3.0 Stealth
 + Level 6.6 Spellcasting
 + Level 4.0 Conjurations
 - Level 0.8 Transmutations
 + Level 7.0 Earth Magic


You had 14 spell levels left.
You knew the following spells:

 Your Spells              Type           Power      Damage    Failure   Level
a - Sandblast             Erth           72%        2d16      1%          1
b - Passwall              Tmut/Erth      19%        N/A       3%          2
c - Stone Arrow           Conj/Erth      60%        3d10      3%          3
d - Ensorcelled Hibernat  Hex/Ice        14%        N/A       19%         2

Your spell library contained the following spells:

 Spells                   Type           Power      Damage    Failure   Level
 Foxfire                  Conj/Fire      60%        2x1d7     5%          1
 Necrotise                Necr           28%        1d5       12%         1
 Poisonous Vapours        Pois/Air       14%        N/A       19%         2
 Petrify                  Tmut/Erth      23%        N/A       24%         4
 Swiftness                Air            7%         N/A       34%         3
 Vampiric Draining        Necr           7%         2d6       34%         3
 Cause Fear               Hex            3%         N/A       75%         4
 Corpse Rot               Necr/Pois/Air  7%         N/A       75%         4
 Agony                    Necr           7%         N/A       97%         5
 Dragon Form              Tmut           5%         N/A       100%        7
 Dragon's Call            Summ           3%         N/A       100%        9


Dungeon Overview and Level Annotations

Branches:
Dungeon (8/15) Zot: 25847  Temple (1/1) D:7 Zot: 5932    Lair (0/5) D:8
 Bailey (visited)

Altars:
Cheibriados
Fedhas
Kikubaaqudgha
Nemelex Xobeh
Okawaru
Qazlal
Ru
Vehumet
Wu Jian
Lugonu

Annotations:
D:8 1 transporter


Innate Abilities, Weirdness & Mutations

You have a pair of small horns on your head.
You are partially covered in icy blue scales. (AC +2)
You regenerate health from kills.
You sometimes gain a little power by taking damage.


Message History

Sorry, I don't know how to get there.
Casting: Sandblast (safe; 1% risk of failure)
Confirm with . or Enter, or press ? or * to list all spells.
Aiming: Passwall (safe; 3% risk of failure)
Press: ? - help, Dir - move target A rock wall.
You begin to meditate on the wall.
You continue meditating on the rock. x2
You finish merging with the rock.
Unknown command.
Unknown command.
An iguana comes into view.
There is a stone staircase leading up here.
You climb upwards.
There is a stone staircase leading down here.
(D) Dungeon (T) Temple (L) Lair
Where to? (Enter - D:6 @ (x,y), ? - help)
What level of the Dungeon? (default 1, ? - help)
There is a stone staircase leading up here.
You climb upwards.
There is a stone staircase leading down here.
Magic restored.
You see here a +0 club.
There is an open door here.
There is a stone staircase leading up here.
You climb upwards.
There is a stone staircase leading down here.
Things that are here:
2 stones; a +0 club
There is a stone staircase leading up here.
You climb upwards.
There is a stone staircase leading down here.
You see here 6 stones.
There is a stone staircase leading up here.
You climb upwards.
There is a stone staircase leading down here.
You enter the shallow water.
Moving in this stuff is going to be slow.
There is a staircase leading out of the dungeon here.
Are you sure you want to leave the Dungeon?
This will make you lose the game!
You have escaped!

#≈≈≈≈≈~≈≈≈≈≈#
#≈≈~~...≈~≈≈#
#≈≈~.....~~≈#
#≈≈.......~≈#
#≈~.......~≈#
#~≈.......~~#
#~...~~....~#
#~...~~~...~#
#...~@~~~..~#
#########...~~~.~~..# #
#.......##..~≈≈~....# #
#.......##.~~≈≈~≈~..# #
#.......#..~.~~~.~~.#
####.......#..~..≈.~~..#
...........#..~~.~.~...#
.###^......#...~~.~....#
##########.............#


There were no monsters in sight!

Vanquished Creatures
  Pikel (D:5)
  An elephant (D:8)
  A hornet (D:8)
  Sigmund (D:2)
  A wyvern (D:8)
  2 basilisks (D:8)
  Eustachio (D:5)
  Menkaure (D:5)
  4 orc warriors
  A black bear (D:6)
  4 kobold brigands
  2 necrophages
  5 scorpions
  9 killer bees
  A jelly (D:5)
  2 orc priests
  3 hounds (D:5)
  2 iguanas
  Natasha (thrice) (D:2)
  2 orc wizards
  A gnoll (D:6)
  10 adders
  A shadow imp (D:7)
  2 white imps (D:6)
  4 worms
  3 dart slugs
  37 orcs
  7 ball pythons
  9 bats
  6 endoplasms
  A giant cockroach (D:4)
  12 goblins
  8 hobgoblins
  A jackal (D:4)
  7 quokkas
  2 frilled lizards
  19 kobolds
  3 rats
180 creatures vanquished.

Vanquished Creatures (collateral kills)
  2 orcs (D:4)
  A jackal (D:4)
  A ball python (D:4)
4 creatures vanquished.

Vanquished Creatures (others)
  5 plants (D:1)
5 creatures vanquished.

Grand Total: 189 creatures vanquished

Notes
Turn   | Place    | Note
-------+----------+-------------------------------------------
     0 | D:1      | protoss039 the Demonspawn Earth Elementalist began the
                  | quest for the Orb.
     0 | D:1      | Reached XP level 1. HP: 13/13 MP: 3/3
   185 | D:1      | Gained mutation: You regenerate a little health from kills.
                  | [demonic ancestry]
   185 | D:1      | Reached XP level 2. HP: 20/20 MP: 1/5
   278 | D:1      | Reached skill level 1 in Fighting
   479 | D:1      | Reached skill level 3 in Earth Magic
  1001 | D:1      | Learned a level 2 spell: Passwall
  1037 | D:2      | Noticed Sigmund
  1045 | D:2      | Killed Sigmund
  1046 | D:2      | Reached XP level 3. HP: 27/27 MP: 0/7
  1046 | D:2      | Gained mutation: You are partially covered in icy blue
                  | scales. (AC +2) [demonic ancestry]
  1046 | D:2      | Reached XP level 4. HP: 33/33 MP: 0/8
  1046 | D:2      | Gained mutation: You regenerate health from kills. [demonic
                  | ancestry]
  1046 | D:2      | Reached XP level 5. HP: 38/38 MP: 0/9
  1284 | D:2      | Found a sacrificial altar of Ru.
  1365 | D:2      | Noticed Natasha
  1370 | D:2      | Found a faded altar of an unknown god.
  1374 | D:2      | Killed Natasha
  1633 | D:2      | Noticed Natasha
  1643 | D:2      | Killed Natasha
  1644 | D:2      | Reached XP level 6. HP: 46/46 MP: 5/10
  1650 | D:2      | Noticed Natasha
  1657 | D:2      | Killed Natasha
  1933 | D:2      | Learned a level 3 spell: Stone Arrow
  2310 | D:3      | Found the amulet of Elemental Vulnerability {rPois rF--
                  | rC-- AC+8}
  2779 | D:4      | Reached skill level 4 in Earth Magic
  3396 | D:4      | Reached XP level 7. HP: 39/52 MP: 1/12
  3800 | D:5      | Entered Level 5 of the Dungeon
  3800 | D:5      | Noticed Menkaure
  3937 | D:5      | Killed Menkaure
  3993 | D:5      | Reached skill level 5 in Earth Magic
  4020 | D:5      | Noticed Eustachio
  4576 | D:5      | Noticed Pikel
  4585 | D:5      | Killed Pikel
  4586 | D:5      | Reached skill level 5 in Fighting
  4586 | D:5      | Reached skill level 5 in Spellcasting
  4586 | D:5      | Reached XP level 8. HP: 57/63 MP: 0/16
  4835 | D:5      | Killed Eustachio
  5071 | D:5      | Reached skill level 1 in Conjurations
  5263 | D:6      | Reached skill level 6 in Earth Magic
  5495 | D:6      | You fall into a shaft and drop 1 floor!
  5551 | D:7      | Found a staircase to the Ecumenical Temple.
  5558 | Temple   | Entered the Ecumenical Temple
  5613 | Temple   | Became a worshipper of Vehumet
  5652 | D:7      | Found a flagged portal.
  5669 | Bailey   | Entered a bailey
  5723 | Bailey   | Gained mutation: You sometimes gain a little power by
                  | taking damage. [demonic ancestry]
  5723 | Bailey   | Reached XP level 9. HP: 39/69 MP: 6/17
  6062 | Bailey   | Noticed an orc knight
  6064 | Bailey   | Noticed an orc knight
  6112 | Bailey   | Learned a level 2 spell: Ensorcelled Hibernation
  7108 | D:8      | Reached * piety under Vehumet
  7108 | D:8      | Offered knowledge of Foxfire by Vehumet.
  7130 | D:8      | Found a transporter.
  7133 | D:8      | Noticed a white ugly thing
  7133 | D:8      | Noticed a brown ugly thing
  7134 | D:8      | Found a corrupted altar of Lugonu.
  7238 | D:8      | Noticed an elephant
  7249 | D:8      | Killed an elephant
  7359 | D:8      | Found a staircase to the Lair.
  7947 | D:8      | Reached skill level 7 in Earth Magic
  7947 | D:8      | Gained mutation: You have a pair of small horns on your
                  | head. [demonic ancestry]
  7947 | D:8      | Reached XP level 10. HP: 74/77 MP: 1/20
  8170 | D:$      | Got out of the dungeon alive.

Illustrated notes

Levels and vault maps discovered:
D:1:      dpeg_arrival_more_subterranean_lakeside_camping, layout_rooms,
          serial_bayou, serial_bayou_shore_b, serial_bayou_ford_a,
          serial_bayou_shore_b, serial_bayou_lagoon_b, serial_bayou_pond_c
D:2:      wander_river, layout_rooms, basic_altar,
          shapermc_ecumenical_altar_mp_highgroup, uniq_natasha, uniq_sigmund
D:3:      layout_loops_ring, dreamdust_princess_corridor, minmay_misc_feat_tiny,
          minmay_vboxes
D:4:      cheibrodos_barr_body, layout_basic
D:5:      layout_rooms, uniq_pikel, uniq_menkaure, uniq_eustachio
D:6:      minmay_razor_zed, layout_cave_pools, ebering_ghost_reflecting_pool,
          corexii_leaking_fountain, minivault_26, minmay_between, uniq_maggie
D:7:      layout_basic, temple_green, enter_bailey_5, hangedman_decor_push
D:8:      gammafunk_corrupted_shrine, layout_basic, david_lair_generic,
          serial_shops, nicolae_inconvenience_store, minivault_23
Temple:   eino_temple_scatter_basement

Skill      XL: |  1  2  3  4  5  6  7  8  9 |
---------------+----------------------------+-----
Fighting       | 2 3 5 6 |  6.9
Earth Magic    | 3 4 5 6 7 |  7.0
Armour         | 2 3 4 |  4.8
Spellcasting   | 3 5 6 |  6.6
Dodging        | 3 |  3.0
Stealth        | 2 3 |  3.0
Conjurations   | 1 4 |  4.0
Transmutations | |  0.8

Action                   |  1- 3 |  4- 6 |  7- 9 | 10-12 || total
-------------------------+-------+-------+-------+-------++-------
Melee: Dagger            |     1 |    51 |    39 |     2 ||    93
       Headbutt          |       |       |       |     1 ||     1
Throw: Dart              |       |       |     1 |       ||     1
 Cast: Sandblast         |    32 |    91 |   150 |     1 ||   274
       Stone Arrow       |       |       |    63 |       ||    63
       Passwall          |       |       |     2 |     1 ||     3
       Ensorcelled Hiber |       |       |     3 |       ||     3
Evoke: Wand              |       |       |     7 |       ||     7
  Use: Scroll            |       |       |    12 |       ||    12
       Potion            |       |       |     1 |       ||     1
 Stab: Sleeping          |     1 |     2 |     1 |       ||     4
Armor: Robe              |     1 |       |       |       ||     1
       Leather armour    |     2 |     8 |    89 |     1 ||   100
       Ring mail         |       |    37 |    15 |       ||    52
Dodge: Dodged            |     8 |    58 |   137 |     1 ||   204
